 Dungeon Crawl Stone Soup version 0.29-a0-923-g6e406bff71 (webtiles) character file.

Game seed: 14022553446752093808

713 inmateoo the Trooper (level 7, 0/55 HPs)
             Began as a Mummy Fighter on July 27, 2022.
             Slain by an orc warrior
             ... wielding a +0 long sword
              (13 damage)
             ... on level 3 of the Dungeon.
             The game lasted 00:05:30 (5922 turns).

inmateoo the Trooper (Mummy Fighter)                Turns: 5922, Time: 00:05:30

Health: 0/55       AC: 13    Str: 21    XL:     7   Next: 41%
Magic:  7/7        EV:  7    Int:  8    God:
Gold:   177        SH:  4    Dex: 11    Spells: 6/6 levels left

rFire   x . .      SeeInvis .   a - +0 war axe
rCold   + . .      Faith    .   c - +0 buckler
rNeg    + + +      Spirit   .   j - +0 chain mail
rPois   ∞          Reflect  .   h - +0 helmet
rElec   .          Harm     .   i - +2 cloak {rCorr}
rCorr   +          Rampage  .   (no gloves)
Will    .....                   (no boots)
Stlth   ..........              (no amulet)
HPRegen 0.18/turn               (no ring)
MPRegen 0.10/turn               (no ring)

@: about to teleport
A: cold resistance 1, negative energy resistance 3, torment resistance 2, heat
vulnerability 1, in touch with death 1, no potions
a: no special abilities


You were on level 3 of the Dungeon.
You visited 1 branch of the dungeon, and saw 4 of its levels.
You also visited: Sewer.

You collected 177 gold pieces.

Inventory:

Hand Weapons
 a - a +0 war axe (weapon)
Missiles
 d - a throwing net
 k - 5 poisoned darts (quivered)
Armour
 c - a +0 buckler (worn)
 h - a +0 helmet (worn)
 i - a +2 cloak of preservation (worn)
 j - a +0 chain mail (worn)
Wands
 f - a wand of flame (14)
 m - a wand of iceblast (3)
Scrolls
 b - a scroll of noise {unknown}
 e - 3 scrolls of immolation
 g - a scroll of poison {unknown}


   Skills:
 + Level 4.7 Fighting
 * Level 4.5 Axes
 + Level 3.8 Armour
 + Level 3.9 Shields


You had 6 spell levels left.
You didn't know any spells.
Your spell library was empty.

Dungeon Overview and Level Annotations

Branches:
Dungeon (4/15)              Sewer (visited)
 Temple: D:4-7

Altars:
Trog

Shops:
D:1 !


Innate Abilities, Weirdness & Mutations

You are immune to poison.
Your flesh is cold resistant. (rC+)
You are immune to negative energy. (rN+++)
You are immune to unholy pain and torment.
You are vulnerable to heat. (rF-)
You are in touch with the powers of death.
You do not drink.


Message History

There is a stone staircase leading up here.
Items here: ))))))) [[ †††††.
Things that are here:
a +0 trident; a +0 chain mail; an orc corpse You are too injured to fight recklessly!
An orc warrior comes into view. It is wielding a +0 long sword.
The orc warrior shouts!
The dart slug barely misses you.
You are too injured to fight recklessly!
You slash the dart slug!
You kill the dart slug!
An orc wizard comes into view. It is wielding a +0 dagger.
You see here a dart slug corpse.
You are too injured to fight recklessly!
You are too injured to fight recklessly!
Things that are here:
a +0 trident; a +0 chain mail; an orc corpse An orc wizard comes into view.
It is wielding a +0 vampiric dagger.
The orc wizard shouts!
The orc wizard gestures wildly while chanting.
The orc wizard flickers and vanishes!
Deactivating autopickup; reactivate with Ctrl-A.
The orc warrior hits you with a +0 long sword!
* * * LOW HITPOINT WARNING * * *
An orc wizard comes into view. It is wielding a +0 dagger.
The orc wizard casts a spell at you.
You hear a shout!
The orc wizard points at you and mumbles some strange words.
The magic dart hits you but does no damage.
There is an escape hatch in the ceiling here.
You block the orc warrior's attack. A mysterious force pulls you upwards.
The hatch slams shut behind you.
Reactivating autopickup.
As you read the scroll of teleportation, it crumbles to dust.
You feel strangely unstable.
The orc warrior hits you with a +0 long sword.
* * * LOW HITPOINT WARNING * * *
The orc warrior attacks as you move away!
The orc warrior hits you with a +0 long sword!
You die...

###.(.###..# #........#.##.)...##
#.......#..###..#####.#..........
#.............#.##########.....##
#.......#..........##...##.....#
###...###..#.####.##..≈≈.#######
#...# #.(#.####.##≈≈≈..## #####
#..............._##
#......o..##≈≈≈..#####
####...##.@.##.(≈≈.##..#
#.......#...###...####.#
#.......#...# ##### #.#
#...........# #.# #........#.##
#.# #..........# ###.#
##.###'..'## #...# #.# #....#
###.### #.# ♣....♣ #####...######


You could see an orc warrior.

Vanquished Creatures
  Sigmund (D:3)
  A kobold brigand (Sewer)
  A scorpion (D:4)
  A howler monkey (D:3)
  A hound (D:4)
  An orc priest (D:2)
  Crazy Yiuf (D:3)
  Robin (D:2)
  A gnoll (D:1)
  3 adders
  10 river rats
  A worm (D:2)
  2 dart slugs
  10 orcs
  6 endoplasms
  4 giant cockroaches
  10 goblins
  14 hobgoblins
  5 jackals (D:1)
  2 quokkas
  17 ball pythons
  3 bats
  7 frilled lizards
  28 kobolds
  25 rats
156 creatures vanquished.

Vanquished Creatures (others)
  27 plants (D:1)
27 creatures vanquished.

Grand Total: 183 creatures vanquished

Notes
Turn   | Place    | Note
-------+----------+-------------------------------------------
     0 | D:1      | inmateoo the Mummy Fighter began the quest for the Orb.
     0 | D:1      | Reached XP level 1. HP: 18/18 MP: 1/1
    50 | D:1      | Reached XP level 2. HP: 14/24 MP: 2/2
   664 | D:1      | Gained mutation: You are in touch with the powers of death.
                  | [Mummy growth]
   664 | D:1      | Reached XP level 3. HP: 24/29 MP: 3/3
  1400 | D:1      | Found Zedinul's Distillery.
  1635 | D:2      | Noticed Robin
  1686 | D:2      | Killed Robin
  1687 | D:2      | Reached XP level 4. HP: 24/35 MP: 4/4
  1887 | D:2      | Found a faded altar of an unknown god.
  2718 | D:3      | Found a runed translucent door.
  2723 | D:3      | Noticed Crazy Yiuf
  2922 | D:3      | Reached XP level 5. HP: 35/42 MP: 5/5
  2941 | D:3      | Found a glowing drain.
  2952 | Sewer    | Entered a sewer
  3847 | Sewer    | Reached XP level 6. HP: 20/48 MP: 6/6
  4309 | D:3      | HP: 1/48 [orc priest/divine providence (11)]
  4310 | D:3      | Found a bloodstained altar of Trog.
  4646 | D:3      | Noticed Sigmund
  4899 | D:3      | Killed Sigmund
  4900 | D:3      | Reached XP level 7. HP: 11/55 MP: 7/7
  5476 | D:3      | Killed Crazy Yiuf
  5922 | D:3      | Slain by an orc warrior

Illustrated notes

Levels and vault maps discovered:
D:1:      scummos_arrival_checkerplants, layout_basic, serial_shops, shop,
          kennysheep_crisscross, kennysheep_boxes
D:2:      layout_loops_ring, chequers_ecumenical_altar_grove, uniq_robin
D:3:      layout_loops_ring, trog_hazing_becter, portal_sewer_entry_e,
          uniq_sigmund, uniq_crazy_yiuf_cottage
D:4:      layout_loops_corners, jmf_multi_god_temple, uniq_ijyb

Skill      XL: |  1  2  3  4  5  6 |
---------------+-------------------+-----
Axes           | 2 3 4 |  4.5
Armour         | 3 |  3.8
Shields        | 3 |  3.9
Fighting       | 4 |  4.7

Action                   |  1- 3 |  4- 6 |  7- 9 || total
-------------------------+-------+-------+-------++-------
Melee: War axe           |   132 |   215 |    74 ||   421
Throw: Dart              |       |     5 |       ||     5
  Use: Scroll            |       |     6 |     1 ||     7
Armor: Scale mail        |    79 |     5 |       ||    84
       Chain mail        |       |   129 |    57 ||   186
Dodge: Dodged            |    74 |    98 |    36 ||   208
Block: Buckler           |    32 |    69 |    16 ||   117

Table legend: (Time is in decaauts)
 A = Elapsed time spent in this place.
 B = Non-inter-level travel time spent in this place.
 C = Inter-level travel time spent in this place.
 D = Time resting spent in this place.
 E = Time spent auto-exploring this place.
 F = Levels seen in this place.
 G = Mean time per level.
                   A        B        C        D        E       F      G
               +--------+--------+--------+--------+--------+-----+--------+
         Total |   6109 |   5858 |    251 |   2483 |   2062 |   5 | 1221.8 |
       Dungeon |   4824 |   4573 |    251 |   1710 |   1774 |   4 | 1206.0 |
         Sewer |   1285 |   1285 |      0 |    773 |    288 |   1 | 1285.0 |
               +--------+--------+--------+--------+--------+-----+--------+

Top non-repeatable levels by time:
     D:2: 1620 daAuts
     D:3: 1576 daAuts
     D:1: 1297 daAuts
   Sewer: 1285 daAuts
     D:4: 330 daAuts
